Map: Écho EC

Players

AgCl

  • Race: Zerg Zerg

Wolf - Winner!

  • Race: Protoss Protoss

VOD

Have the link to the VOD?

Description

Time

  • Played on: May 6, 2015, 7:13 p.m.
  • Length: 5:19
Show
View Real Time Build Order
Export as new Build Order

AgCl Zerg 

Build Orders: Pool First 

Get SALT Encoding   

  12  0:22  Spawning Pool  
  12  0:23  Drone  
  12  0:25  Drone  
  13  0:30  Drone  
  14  0:45  Extractor  
  14  0:47  Drone  
  14  1:10  Spore Crawler, Extractor  
  12  1:12  Zergling x4  
  12  1:17  Spore Crawler  
  13  1:20  Zergling x2  
  13  1:24  Overlord  
  16  1:38  Overlord  
  16  1:51  Hatchery  
  15  1:55  Queen  
  18  2:01  Drone  
  17  2:32  Burrow  
  17  2:57  Drone x3  
  20  3:05  Drone, Queen  
  23  3:15  Drone  
  23  3:16  Drone  
  25  3:23  Spine Crawler  
  23  3:33  Drone  
  23  3:34  Drone x5  
  29  3:48  Drone x3  
  31  3:55  Spine Crawler  
  31  4:01  Spine Crawler  
  31  4:02  Spore Crawler  
  28  4:04  Drone  
  29  4:17  Zergling x10  
  32  4:46  Zergling x8  
Show
View Real Time Build Order
Export as new Build Order

Wolf Protoss - Winner!

Build Orders:  

Get SALT Encoding   

  12  0:02  Probe  
  13  0:14  Probe  
  14  0:19  Pylon  
  14  0:37  Probe (Chrono Boost)  
  15  0:44  Gateway  
  15  0:46  Probe (Chrono Boost)  
  16  0:54  Probe  
  16  0:57  Assimilator  
  17  1:06  Probe  
  17  1:07  Pylon  
  19  1:18  Probe  
  19  1:29  Assimilator  
  19  1:30  Probe (Chrono Boost)  
  20  1:36  Cybernetics Core, Zealot (Chrono Boost)  
  22  1:42  Probe (Chrono Boost)  
  22  1:44  Gateway  
  23  1:51  Probe (Chrono Boost)  
  24  1:59  Probe  
  25  2:01  Pylon  
  25  2:11  Probe, Forge  
  26  2:24  Mothership Core  
  26  2:32  Stalker (Chrono Boost)  
  30  2:39  Stalker (Chrono Boost)  
  30  2:51  Warp Gate (Chrono Boost)  
  30  2:55  Stalker  
  32  3:01  Protoss Ground Weapons Level 1  
  32  3:17  Gateway  
  32  3:19  Gateway  
  32  3:24  Pylon  
  32  3:28  Probe  
  35  3:41  Sentry x2  
  37  3:51  Photon Cannon  
  37  3:53  Photon Cannon  
  37  4:04  Pylon  
  36  4:22  Pylon  
  36  4:40  Stalker x3  
  36  4:41  Zealot  
  36  4:42  Probe  
  45  4:50  Photon Cannon  
  45  4:54  Probe  
  46  5:00  Pylon  
  46  5:02  Sentry  
  48  5:18  Stalker  
Tags
 
Add a new tag
Caveats
  • Supply blocks, unpowered buildings, or Contaminate may cause inaccurate times.
  • Supply counts are checked every 10 seconds.